 Dungeon Crawl Stone Soup version 0.30.1-4-g462c640d31 (webtiles) character file.

Game seed: 1696672981001215207

15 shmup the Changer (level 2, -1/21 HPs)
             Began as a Merfolk Transmuter on Aug 19, 2023.
             Slain by a gnoll
             ... wielding a +0 club
              (8 damage)
             ... on level 1 of the Dungeon.
             The game lasted 00:00:59 (309 turns).

shmup the Changer (Merfolk Transmuter)               Turns: 309, Time: 00:01:00

Health: -1/21      AC:  2    Str: 10    XL:     2   Next: 50%
Magic:  4/5        EV: 12    Int: 12    God:
Gold:   76         SH:  0    Dex: 14    Spells: 2/5 levels left

rFire   . .          .
                       - Unarmed
rCold   . . .        (no shield)
rNeg    . . .        a - +0 robe
rPois   .            (helmet currently unavailable)
rElec   .            (no cloak)
rCorr   .            (no gloves)
SInv    .            (boots currently unavailable)
Will    .....        (no amulet)
Stlth   +            (no ring)
HPRegen 0.23/turn    (no ring)
MPRegen 0.09/turn

%: no passive effects
@: appendages
A: horns 2, (nimble swimmer 2), mertail
a: End Transformation


You were on level 1 of the Dungeon.
You had temporarily grown beastly horns.
You visited 1 branch of the dungeon, and saw 1 of its levels.

You collected 76 gold pieces.

Inventory:

Missiles
 e - 10 stones (quivered)
 g - 4 poisoned darts
Armour
 a - a +0 robe (worn)
Scrolls
 d - a scroll of summoning {unknown}
 f - a scroll of teleportation {unknown}
 i - a scroll of identify {unknown}
Potions
 b - a potion of lignification
 c - a potion of flight {unknown}
 h - a potion of haste {unknown}


   Skills:
 - Level 1.1 Fighting
 - Level 2.6 Dodging
 - Level 3.2 Unarmed Combat
 - Level 2.0 Spellcasting
 + Level 4.1 Transmutations


You had 2 spell levels left.
You knew the following spells:

 Your Spells              Type           Power      Damage    Failure   Level
a - Beastly Appendage     Tmut           22%        N/A       4%          1
b - Wereblood             Tmut           11%        N/A       8%          2

Your spell library contained the following spells:

 Spells                   Type           Power      Damage    Failure   Level
 Spider Form              Tmut/Pois      6%         N/A       34%         3
 Ice Form                 Ice/Tmut       6%         N/A       75%         4


Dungeon Overview and Level Annotations

Branches:
Dungeon (1/15) Zot: 5691

Altars:


Innate Abilities, Weirdness & Mutations

You have temporarily grown beastly horns.
((You are very nimble when in or above water. (Stealth+, EV+, Speed+++)))
Your lower body shifts to a powerful aquatic tail in water.


Message History

You grow a pair of large bovine horns.
The kobold shouts!
A giant cockroach comes into view.
A dart slug comes into view.
A gnoll comes into view. It is wielding a +0 club.
You barely miss the kobold. The kobold misses you.
The gnoll shouts!
You hit the kobold.
The kobold is moderately wounded.
The kobold misses you.
The giant cockroach waves its antennae.
You hit the kobold.
You kill the kobold!
You hit the gnoll.
The gnoll is moderately wounded.
The gnoll hits you with a +0 club. The dart slug launches a dart at you.
The slug dart misses you.
The giant cockroach completely misses you.
You hit the giant cockroach.
The giant cockroach is severely wounded.
The giant cockroach bites you. The gnoll hits you with a +0 club!
* * * LOW HITPOINT WARNING * * *
You barely miss the gnoll. Your headbutt misses the gnoll.
The gnoll is moderately wounded.
The giant cockroach bites you but does no damage.
The gnoll hits you with a +0 club.
* * * LOW HITPOINT WARNING * * *
Unknown command.
Your transformation is almost over.
The giant cockroach closely misses you. The dart slug closely misses you.
The giant cockroach bites you.
* * * LOW HITPOINT WARNING * * *
The gnoll attacks as you move away! The gnoll hits you with a +0 club.
* * * LOW HITPOINT WARNING * * *
Casting: Beastly Appendage (safe; 4% risk of failure)
Confirm with . or Enter, or press ? or * to list all spells.
You extend your transformation's duration.
The giant cockroach closely misses you. The gnoll hits you with a +0 club!
You die...

.. ▒..▒.....▒..▒▒....▒▒▒ .
▒..▒..<..▒.........▒▒ ▒.
▒.....▒..▒▒......▒
▒..8.....8..▒▒....▒..
....▒.▒▒▒▒▒▒.▒▒..▒.....▒.
.... .▒.....▒▒.......▒..
... ..▒...........▒....▒▒..
.... ..▒▒▒.....▒▒▒▒...▒▒...
.... ▒.▒▒.m.▒.........▒▒...
...▒.▒▒Bg.....▒▒....▒▒...
▒▒.▒..w.▒.▒▒▒.▒▒.▒..▒..▒.
▒▒...........▒.......▒....
▒...▒.....................
▒.▒.)....>................
▒...▒.....................
▒..▒▒▒.....................
▒.. ▒.....................


You could see a gnoll, a dart slug and a giant cockroach.

Vanquished Creatures
  2 dart slugs (D:1)
  2 giant cockroaches (D:1)
  A hobgoblin (D:1)
  2 kobolds (D:1)
  A quokka (D:1)
  2 frilled lizards (D:1)
  A rat (D:1)
11 creatures vanquished.

Notes
Turn   | Place    | Note
-------+----------+-------------------------------------------
     0 | D:1      | shmup the Merfolk Transmuter began the quest for the Orb.
     0 | D:1      | Reached XP level 1. HP: 15/15 MP: 3/3
    42 | D:1      | Reached skill level 3 in Transmutations
   134 | D:1      | Reached XP level 2. HP: 21/21 MP: 3/5
   142 | D:1      | Learned a level 2 spell: Wereblood
   257 | D:1      | Reached skill level 4 in Transmutations
   309 | D:1      | Slain by a gnoll

Illustrated notes

Levels and vault maps discovered:
D:1:      scummos_arrival_simple_crosswalls, layout_rooms,
          corexii_item_surrounded_by_moat, nrook_campfire, minmay_tetromino_s2

Skill      XL: |  1  2 |
---------------+-------+-----
Transmutations | 3 4 |  4.1
Fighting       | |  1.1
Dodging        | |  2.6
Unarmed Combat | |  3.2
Spellcasting   | |  2.0

Action                     || total
---------------------------++-------
  Melee: Unarmed           ||    28
         Headbutt          ||     6
   Cast: Beastly Appendage ||     8
 Armour: Robe              ||     5
  Dodge: Dodged            ||    22
